 Dungeon Crawl Stone Soup version 0.22.1-1-ga44c0e56f4 (webtiles) character file.

2925 Knicklaso the Fighter (level 10, -2/83 HPs)
             Began as a Human Berserker on Sept 26, 2018.
             Was a Priest of Trog.
             Slain by an orc warrior
             ... wielding a +0 hand axe
              (16 damage)
             ... in a bailey.
             The game lasted 00:22:36 (7191 turns).

Knicklaso the Fighter (Human Berserker)             Turns: 7191, Time: 00:22:37

Health: -2/83      AC:  5    Str: 21    XL:     10   Next: 7%
Magic:  11/11      EV: 13    Int:  8    God:    Trog [***...]
Gold:   287        SH:  0    Dex: 15    Spells: 9/9 levels left

rFire    . . .     SeeInvis .   I - +2 hand axe of the Old World {flame, +Fly rPois}
rCold    + . .     Gourm    .   (no shield)
rNeg     . . .     Faith    .   M - +0 ring mail of Follow the Leader {Dex+3} (curse)
rPois    +         Spirit   .   (no helmet)
rElec    .         Reflect  .   (no cloak)
rCorr    .         Harm     +   (no gloves)
MR       .....                  (no boots)
Stlth    +.........             k - amulet of harm
HPRegen  0.23/turn              B - ring of protection from cold
MPRegen  0.12/turn              E - ring of poison resistance

@: no status effects
A: no striking features
a: Berserk, Trog's Hand, Renounce Religion, Evoke Flight


You were in a bailey.
You worshipped Trog.
Trog was most pleased with you.
You were not hungry.

You visited 1 branch of the dungeon, and saw 8 of its levels.
You also visited: Sewer and Bailey.

You collected 287 gold pieces.

Inventory:

Hand Weapons
 a - a +0 mace of protection
 b - a +0 hunting sling
 F - a +0 blowgun
 I - the +2 hand axe of the Old World (weapon) {flame, +Fly rPois}
   (You found it on level 6 of the Dungeon)

   It has been specially enchanted to burn those struck by it, causing extra
   injury to most foes and up to half again as much damage against particularly
   susceptible opponents.
   Big, fiery blades are also staple armaments of hydra-hunters.
   It protects you from poison.
   It lets you fly.
 J - a +0 whip of freezing
Missiles
 d - 209 stones (quivered)
 A - 4 tomahawks
 G - 23 poisoned needles
Armour
 o - a +0 plate armour
 z - a +2 leather armour of fire resistance
 M - the cursed +0 ring mail of Follow the Leader (worn) {Dex+3}
   (You found it on level 7 of the Dungeon)

   It affects your dexterity (+3).
   It has a curse placed upon it.
Jewellery
 i - an uncursed ring of protection from magic {unknown}
 k - an amulet of harm (around neck)
 r - a cursed -3 ring of strength {unknown}
 v - an uncursed amulet of rage
 B - a ring of protection from cold (left hand)
 E - a ring of poison resistance (right hand)
 L - a cursed -3 ring of protection {unknown}
Scrolls
 g - 5 scrolls of teleportation
 h - 4 scrolls of remove curse
 j - 8 scrolls of identify
 m - a scroll of amnesia
 s - a scroll of magic mapping {unknown}
 y - a scroll of fear {unknown}
 C - a scroll of blinking {unknown}
 D - a scroll of fog {unknown}
Potions
 e - 7 potions of curing
 f - a potion of ambrosia {unknown}
 l - a potion of agility {unknown}
 n - a potion of degeneration {unknown}
 p - 2 potions of might {unknown}
 q - 7 potions of heal wounds
 t - 2 potions of cancellation {unknown}
 u - a potion of lignification
 w - a potion of magic {unknown}
 x - 2 potions of invisibility {unknown}
 H - 4 potions of flight {unknown}
 K - a potion of brilliance {unknown}
Comestibles
 c - 6 rations


   Skills:
 + Level 9.1 Fighting
 + Level 3.8(6.4) Axes
 - Level 8.1(8.5) Maces & Flails
 - Level 4.0 Armour
 - Level 4.0 Dodging
 + Level 1.6 Evocations


You had 9 spell levels left.
You didn't know any spells.
Your spell library was empty.

Dungeon Overview and Level Annotations

Branches:
Dungeon (8/15)             Temple (0/1) D:7
   Lair: D:8-11

Altars:
Elyvilon
Gozag
Qazlal
Ru
Yredelemnul

Shops:
D:4 }   D:6 :

Annotations:
D:3 2 transporters, SaintSock's ghost, amateur DrFi


Message History

The orc warrior hits you with a hand axe!
You hit the orc warrior. You burn the orc warrior.
The orc warrior is almost dead.
You closely miss the orc warrior.
The orc warrior is almost dead.
You hit the hobgoblin. You burn the hobgoblin.
You kill the hobgoblin!
Trog accepts your kill.
The orc warrior hits you with a hand axe.
You hit the orc warrior but do no damage.
The orc warrior is almost dead.
The orc warrior hits you with a hand axe!
You hit the orc warrior but do no damage.
The orc warrior is almost dead.
The orc warrior hits you with a hand axe!
* * * LOW HITPOINT WARNING * * *
You completely miss the orc warrior.
The orc warrior is almost dead.
The orc warrior hits you with a hand axe!
You die...

##.....## #.......#
##.......##
#.........#
##.........##
#.....⌠.)...#######
##......)..##.....##
#..)o)....#.......#
##..@....##.......##.
#.......'.........'.
##.....##.........##
#######.....⌠.....#
##.))......#
#.........#
##.......## #.......#
##.....##


You could see an orc warrior.

Vanquished Creatures
  Pikel (D:5)
  Grinder (D:3)
  A hippogriff (D:8)
  A hungry ghost (D:7)
  2 water moccasins (D:7)
  3 slaves (D:5)
  2 orc warriors
  A sky beast (D:5)
  2 ice beasts (D:7)
  A phantom (D:4)
  2 centaurs
  A big kobold (Sewer)
  Blork the orc (D:5)
  2 bullfrogs
  3 scorpions
  2 orc priests
  2 iguanas (D:5)
  4 orc wizards
  6 worker ants
  A hound skeleton (D:6)
  3 gnolls (Bailey)
  7 adders
  2 river rats (Sewer)
  3 oozes
  An adder zombie (D:5)
  A worm (D:3)
  A dart slug (D:4)
  3 leopard geckos
  27 orcs
  6 giant cockroaches
  8 goblins
  12 hobgoblins
  5 jackals
  10 quokkas
  A ball python (D:2)
  5 bats
  3 frilled lizards
  A jackal skeleton (D:5)
  10 kobolds
  A quokka skeleton (D:4)
  8 rats
157 creatures vanquished.

Vanquished Creatures (others)
  An orc wizard (D:3)
1 creature vanquished.

Grand Total: 158 creatures vanquished

Notes
Turn   | Place    | Note
-------+----------+-------------------------------------------
     0 | D:1      | Knicklaso the Human Berserker began the quest for the Orb.
     0 | D:1      | Reached XP level 1. HP: 18/18 MP: 1/1
   279 | D:1      | Reached XP level 2. HP: 24/24 MP: 2/2
   415 | D:1      | You fall through a shaft!
   592 | D:1      | Reached XP level 3. HP: 29/29 MP: 3/3
  1241 | D:2      | Reached ** piety under Trog
  1550 | D:2      | Reached XP level 4. HP: 35/37 MP: 4/4
  1608 | D:2      | Reached skill level 4 in Fighting
  2070 | D:3      | Noticed Grinder
  2082 | D:3      | Paralysed by Grinder for 2 turns
  2092 | D:3      | Killed Grinder
  2092 | D:3      | Reached skill level 5 in Fighting
  2092 | D:3      | Reached skill level 5 in Maces & Flails
  2092 | D:3      | Reached XP level 5. HP: 24/44 MP: 5/5
  2092 | D:3      | Reached XP level 6. HP: 27/51 MP: 6/6
  2199 | D:3      | Noticed an ogre
  2201 | D:3      | Noticed SaintSock's ghost (amateur DrFi)
  2203 | D:3      | Found a transporter.
  2203 | D:3      | Noticed an ogre
  2236 | D:3      | Found a transporter.
  2335 | D:3      | Paralysed by fainting for 6 turns
  2358 | D:3      | HP: 2/51 [orc wizard/magic dart (4)]
  3188 | D:4      | Noticed a phantom
  3257 | D:4      | Killed a phantom
  3257 | D:4      | Reached XP level 7. HP: 25/57 MP: 7/7
  3400 | D:4      | Found Ponistug's Gadget Emporium.
  3512 | D:4      | Found a glowing drain.
  3522 | Sewer    | Entered a sewer
  3636 | Sewer    | Reached skill level 6 in Fighting
  3662 | Sewer    | Found a white marble altar of Elyvilon.
  3998 | D:5      | Entered Level 5 of the Dungeon
  4202 | D:5      | Reached *** piety under Trog
  4257 | D:5      | Reached XP level 8. HP: 55/65 MP: 8/8
  4460 | D:5      | Noticed Pikel
  4473 | D:5      | Killed Pikel
  4473 | D:5      | Reached skill level 7 in Fighting
  4543 | D:5      | Noticed Blork the orc
  4550 | D:5      | Killed Blork the orc
  4746 | D:5      | Reached skill level 8 in Fighting
  4746 | D:5      | Reached XP level 9. HP: 74/74 MP: 9/9
  4997 | D:6      | Got an ancient hand axe
  4998 | D:6      | Identified the cursed +2 hand axe of the Old World {flame,
                  | +Fly rPois} (You found it on level 6 of the Dungeon)
  5468 | D:6      | Found Zinah's Book Boutique.
  5738 | D:7      | Reached skill level 1 in Axes
  5739 | D:7      | Found an opulent altar of Gozag.
  5985 | D:7      | Got a slimy ring mail
  5996 | D:7      | Identified the cursed +0 ring mail of Follow the Leader
                  | {Dex+3} (You found it on level 7 of the Dungeon)
  6038 | D:7      | Found a staircase to the Ecumenical Temple.
  6208 | D:7      | Found a sacrificial altar of Ru.
  6691 | D:8      | Noticed a hippogriff
  6699 | D:8      | Killed a hippogriff
  6699 | D:8      | Reached skill level 9 in Fighting
  6699 | D:8      | Reached skill level 1 in Evocations
  6699 | D:8      | Reached XP level 10. HP: 83/83 MP: 10/10
  6725 | D:8      | Found a basalt altar of Yredelemnul.
  6726 | D:8      | Found a white marble altar of Elyvilon.
  6726 | D:8      | Found a stormy altar of Qazlal.
  6746 | D:8      | Found a flagged portal.
  6755 | Bailey   | Entered a bailey
  7191 | Bailey   | Slain by an orc warrior

Skill      XL: |  1  2  3  4  5  6  7  8  9 |
---------------+----------------------------+-----
Fighting       | 5 6 8 9 |  9.1
Maces & Flails | 5 6 8 |  8.1
Axes           | 3 |  3.8
Armour         | 4 |  4.0
Dodging        | 4 |  4.0
Evocations     | 1 |  1.6

Action                   |  1- 3 |  4- 6 |  7- 9 | 10-12 || total
-------------------------+-------+-------+-------+-------++-------
Melee: Mace              |    62 |   148 |   182 |       ||   392
       Whip              |       |       |    52 |       ||    52
       Hand axe          |       |       |   115 |    67 ||   182
 Fire: Hunting sling     |    21 |    64 |       |       ||    85
Throw: Stone             |    41 |       |     2 |       ||    43
Invok: Berserk           |     2 |     3 |     9 |       ||    14
       Trog's Hand       |       |     1 |     2 |       ||     3
  Use: Scroll            |       |     4 |     2 |       ||     6
       Potion            |       |     2 |       |       ||     2
  Eat: Chunk             |     1 |     4 |    19 |       ||    24
       Ration            |     1 |     1 |     1 |     1 ||     4
Armor: Leather armour    |    18 |    21 |       |       ||    39
       Plate armour      |       |    57 |   216 |       ||   273
       Skin              |       |     9 |       |       ||     9
       Ring mail         |       |       |    15 |     3 ||    18
Dodge: Dodged            |    45 |    78 |   122 |    25 ||   270
